Map: Orbital Shipyard

Players

Lemonparty

  • Race: Protoss Protoss
  • League: Master

TTS - Winner!

  • Race: Protoss Protoss
  • League: Platinum

VOD

Have the link to the VOD?

Description

Time

  • Played on: Feb. 24, 2016, 12:11 a.m.
  • Length: 19:09
Show
View Real Time Build Order
Export as new Build Order

Lemonparty Protoss 

Build Orders: 1 Gate Expand 

Get SALT Encoding   

  12  0:01  Probe (Chrono Boost)  
  13  0:12  Probe (Chrono Boost)  
  14  0:18  Pylon  
  14  0:22  Probe (Chrono Boost)  
  15  0:36  Probe (Chrono Boost)  
  15  0:38  Gateway  
  16  0:44  Assimilator  
  16  0:47  Probe (Chrono Boost)  
  17  1:26  Nexus  
  17  1:36  Zealot (Chrono Boost)  
  19  1:52  Cybernetics Core  
  19  1:55  Probe (Chrono Boost)  
  22  2:30  Mothership Core (Chrono Boost)  
  22  2:31  Warp Gate  
  22  2:59  Probe x2 (Chrono Boost)  
  24  3:09  Probe x2 (Chrono Boost)  
  27  3:20  Probe x2 (Chrono Boost)  
  28  3:30  Probe x2 (Chrono Boost)  
  30  3:36  Robotics Facility  
  30  3:41  Probe x2 (Chrono Boost)  
  32  3:43  Assimilator  
  32  4:01  Nexus  
  32  4:05  Probe (Chrono Boost)  
  32  4:06  Probe (Chrono Boost)  
  34  4:11  Pylon  
  34  4:15  Probe (Chrono Boost)  
  34  4:16  Probe (Chrono Boost)  
  37  4:24  Observer (Chrono Boost)  
  37  4:26  Probe  
  37  4:27  Probe  
  39  4:34  Sentry  
  39  4:38  Probe x2  
  42  4:39  Pylon  
  42  4:43  Observer (Chrono Boost)  
  44  4:47  Gateway  
  44  4:49  Gateway  
  44  4:50  Probe x2  
  46  4:58  Sentry  
  48  5:01  Probe  
  48  5:02  Probe  
  50  5:09  Assimilator  
  50  5:12  Pylon, Probe (Chrono Boost)  
  51  5:14  Probe x2 (Chrono Boost), Assimilator  
  53  5:21  Forge  
  53  5:23  Probe (Chrono Boost)  
  53  5:25  Pylon, Probe x2 (Chrono Boost)  
  56  5:33  Probe (Chrono Boost)  
  57  5:37  Immortal (Chrono Boost), Probe  
  57  5:39  Probe  
  63  5:43  Probe  
  64  5:51  Twilight Council  
  64  5:53  Pylon  
  64  5:54  Stalker  
  64  5:55  Stalker  
  65  6:03  Stalker  
  67  6:05  Protoss Ground Weapons Level 1  
  67  6:13  Photon Cannon  
  67  6:14  Pylon  
  67  6:20  Stalker x2  
  69  6:29  Stalker  
  65  6:35  Photon Cannon  
  65  6:37  Blink (Chrono Boost), Photon Cannon  
  63  6:41  Photon Cannon  
  63  6:43  Photon Cannon  
  63  6:56  Photon Cannon  
  63  6:58  Observer (Chrono Boost)  
  63  7:00  Probe x2  
  63  7:01  Probe  
  66  7:08  Photon Cannon  
  66  7:12  Probe  
  66  7:13  Probe x2  
  69  7:17  Observer (Chrono Boost)  
  69  7:19  Stalker x2  
  69  7:24  Probe  
  69  7:25  Probe  
  69  7:29  Pylon  
  70  7:37  Stalker  
  69  7:46  Probe x2 (Chrono Boost)  
  69  7:47  Probe (Chrono Boost)  
  69  7:51  Pylon  
  72  7:54  Assimilator  
  72  7:57  Probe x2 (Chrono Boost)  
  72  7:58  Probe (Chrono Boost), Assimilator  
  75  7:59  Stalker x2  
  75  8:00  Stalker  
  79  8:07  Probe x2 (Chrono Boost)  
  79  8:08  Probe (Chrono Boost)  
  79  8:09  Protoss Ground Weapons Level 2 (Chrono Boost)  
  82  8:14  Forge  
  82  8:28  Pylon  
  82  8:44  Templar Archives  
  82  8:47  Photon Cannon  
  77  8:52  Protoss Ground Armor Level 1 (Chrono Boost)  
  77  8:56  Photon Cannon  
  77  8:58  Photon Cannon  
  77  9:00  Photon Cannon  
  77  9:02  Photon Cannon, Observer  
  78  9:07  Nexus  
  78  9:09  Gateway x2  
  78  9:11  Gateway  
  78  9:20  Gateway  
  78  9:21  High Templar x2  
  78  9:22  Gateway, High Templar  
  84  9:29  Archon  
  84  9:31  Pylon  
  84  9:35  Pylon  
  82  9:52  Pylon  
  82  9:55  Pylon  
  82  10:00  High Templar x2  
  82  10:01  High Templar  
  82  10:06  Archon  
  87  10:07  Archon, Stalker x3  
  87  10:14  Pylon, Protoss Ground Weapons Level 3 (Chrono Boost)  
  93  10:25  Pylon, High Templar x2  
  93  10:27  Nexus  
  97  10:29  Pylon  
  97  10:31  Photon Cannon, High Templar x2, Archon  
  97  10:32  Pylon, High Templar  
  97  10:33  High Templar  
  105  10:37  Protoss Ground Armor Level 2 (Chrono Boost)  
  105  10:41  Archon  
  105  10:42  Archon  
  104  10:59  Photon Cannon  
  104  11:02  Photon Cannon  
  104  11:05  Photon Cannon  
  104  11:08  Stalker x2  
  104  11:09  Stalker  
  104  11:10  Photon Cannon  
  110  11:12  Pylon  
  109  11:31  Gateway, Probe x2  
  109  11:32  Gateway  
  111  11:34  Gateway x2  
  111  11:35  Mothership Core  
  113  11:54  Stalker x4  
  121  12:04  Probe, Stalker x2  
  121  12:05  Probe  
  121  12:06  Probe x2  
  129  12:25  Stalker  
  129  12:26  Stalker x3  
  137  12:31  High Templar x4  
  137  12:33  High Templar x2  
  137  12:35  Archon  
  149  12:37  Archon  
  149  12:38  Assimilator  
  149  12:40  Archon  
  149  12:42  Assimilator  
  149  13:00  Protoss Ground Armor Level 3 (Chrono Boost)  
  120  13:13  Stalker  
  120  13:14  High Templar x4  
  120  13:15  Stalker x4  
  120  13:19  Archon  
  123  13:20  Archon  
  123  13:26  Stalker  
  123  13:27  Stalker x2  
  97  13:43  Stalker x5  
  88  13:50  Stalker  
  88  13:53  Stalker  
  84  14:13  Probe x2  
  84  14:14  Probe x2  
  84  14:18  High Templar  
  84  14:19  High Templar x3  
  84  14:22  Assimilator  
  84  14:23  Probe x2  
  84  14:24  Archon x2  
  92  14:26  Probe x2  
  92  14:28  Observer  
  97  14:38  Probe x2  
  99  14:46  Nexus  
  99  14:47  Pylon  
  99  14:55  High Templar x3  
  99  14:57  High Templar  
  99  14:59  Archon  
  107  15:01  Archon  
  107  15:02  Stalker x2  
  107  15:03  Stalker  
  113  15:12  Zealot  
  115  15:19  Protoss Shields Level 1 (Chrono Boost)  
  115  15:26  Stalker x3  
  115  15:27  Stalker  
  115  15:28  Nexus  
  123  15:29  Pylon  
  123  15:46  Mothership Core  
  123  15:47  Stalker x3  
  123  15:48  Stalker x2  
  135  15:56  Stalker x2  
  137  15:58  Stalker  
  139  16:08  Stalker x3  
  145  16:16  Stalker x2  
  149  16:19  Stalker  
  151  16:29  Assimilator  
  151  16:30  Assimilator  
  151  16:31  Probe  
  152  16:42  Probe  
  153  16:49  High Templar x4  
  153  16:51  Stalker x4  
  169  16:57  Archon x2  
  169  17:00  Observer  
  170  17:07  Protoss Shields Level 2 (Chrono Boost)  
  170  17:09  Zealot  
  172  17:21  Stalker x3  
  178  17:23  Assimilator  
  178  17:25  Assimilator  
  178  17:36  Nexus  
  178  17:47  Stalker x3  
  178  17:48  Stalker x2  
  178  17:49  High Templar x3  
  193  17:54  Archon  
  174  18:08  Observer  
  91  18:20  Stalker x2  
  91  18:21  Stalker x6  
  91  18:22  Stalker x2  
  101  18:30  Observer, Stalker x2  
  86  19:01  Stalker  
  86  19:02  High Templar, Stalker x2  
  92  19:03  Stalker  
  92  19:04  Stalker x3  
  92  19:05  Stalker x2  
Show
View Real Time Build Order
Export as new Build Order

TTS Protoss - Winner!

Build Orders:  

Get SALT Encoding   

  12  0:01  Probe (Chrono Boost)  
  13  0:11  Probe (Chrono Boost)  
  14  0:22  Pylon, Probe (Chrono Boost)  
  15  0:40  Probe (Chrono Boost)  
  16  0:44  Forge  
  16  0:51  Probe (Chrono Boost)  
  17  1:01  Probe (Chrono Boost)  
  18  1:11  Pylon  
  18  1:12  Pylon  
  18  1:14  Pylon  
  18  1:20  Probe (Chrono Boost)  
  19  1:32  Probe (Chrono Boost)  
  19  1:36  Assimilator  
  19  1:43  Gateway, Probe (Chrono Boost)  
  20  2:08  Photon Cannon  
  20  2:11  Photon Cannon  
  20  2:12  Photon Cannon  
  20  2:13  Photon Cannon  
  19  2:23  Probe (Chrono Boost)  
  20  2:35  Photon Cannon  
  20  2:39  Probe (Chrono Boost)  
  21  2:45  Photon Cannon  
  21  2:47  Nexus  
  21  2:55  Cybernetics Core  
  21  2:58  Probe (Chrono Boost)  
  21  3:06  Pylon  
  21  3:11  Assimilator  
  21  3:13  Probe (Chrono Boost)  
  21  3:19  Pylon  
  22  3:23  Probe (Chrono Boost)  
  23  3:32  Warp Gate  
  25  3:42  Probe (Chrono Boost)  
  25  3:45  Stargate  
  24  3:51  Adept  
  24  3:53  Probe (Chrono Boost)  
  27  3:59  Probe (Chrono Boost)  
  27  4:00  Assimilator  
  28  4:03  Probe (Chrono Boost)  
  29  4:10  Probe (Chrono Boost)  
  29  4:15  Photon Cannon  
  30  4:18  Stargate  
  30  4:21  Probe (Chrono Boost)  
  30  4:24  Probe (Chrono Boost)  
  32  4:31  Probe (Chrono Boost)  
  32  4:34  Phoenix (Chrono Boost)  
  32  4:35  Probe (Chrono Boost)  
  36  4:45  Probe  
  36  4:46  Probe  
  38  4:55  Pylon  
  38  4:58  Phoenix (Chrono Boost)  
  40  5:01  Phoenix (Chrono Boost)  
  40  5:04  Probe x2  
  44  5:14  Probe  
  44  5:16  Probe  
  44  5:17  Assimilator  
  44  5:21  Pylon  
  46  5:28  Probe  
  48  5:29  Phoenix (Chrono Boost), Probe  
  48  5:34  Phoenix (Chrono Boost)  
  52  5:38  Probe  
  52  5:39  Pylon  
  52  5:42  Probe  
  54  5:54  Phoenix (Chrono Boost)  
  58  5:57  Phoenix (Chrono Boost)  
  58  6:02  Probe  
  59  6:13  Nexus  
  59  6:16  Pylon  
  59  6:24  Phoenix (Chrono Boost)  
  61  6:26  Probe  
  60  6:33  Probe  
  61  6:40  Fleet Beacon  
  61  6:42  Probe  
  61  6:46  Probe  
  62  6:50  Twilight Council  
  67  6:57  Probe  
  67  6:58  Void Ray (Chrono Boost)  
  67  6:59  Probe  
  69  7:02  Pylon  
  69  7:08  Probe  
  69  7:11  Void Ray (Chrono Boost), Probe  
  69  7:13  Sentry  
  75  7:26  Charge  
  75  7:31  Gateway  
  75  7:33  Gateway, Probe  
  76  7:37  Probe  
  76  7:43  Probe  
  77  7:45  Probe  
  77  7:46  Assimilator  
  77  7:48  Probe  
  80  7:52  Assimilator  
  80  7:54  Probe  
  80  7:57  Carrier (Chrono Boost), Probe  
  86  8:08  Gateway  
  86  8:10  Gateway  
  86  8:12  Gateway  
  86  8:14  Carrier (Chrono Boost)  
  86  8:16  Probe  
  86  8:19  Mothership Core  
  93  8:21  Pylon  
  93  8:23  Probe  
  96  8:28  Probe  
  96  8:30  Zealot  
  99  8:35  Probe  
  100  8:47  Probe  
  100  8:48  Probe  
  100  8:52  Zealot  
  100  8:54  Protoss Ground Weapons Level 1  
  108  8:56  Pylon  
  108  9:02  Stargate  
  108  9:07  Pylon  
  108  9:13  Pylon  
  108  9:16  Zealot x4  
  116  9:25  Pylon  
  116  9:27  Photon Cannon  
  122  9:31  Carrier (Chrono Boost)  
  118  9:47  Carrier (Chrono Boost)  
  118  9:48  Graviton Catapult  
  124  9:53  Nexus  
  124  9:57  Pylon  
  124  9:58  Probe  
  124  9:59  Probe  
  126  10:05  Probe  
  133  10:11  Pylon  
  133  10:17  Carrier (Chrono Boost)  
  133  10:21  Protoss Air Weapons Level 1  
  133  10:25  Probe  
  133  10:27  Photon Cannon  
  134  10:29  Pylon  
  134  10:44  Zealot x2  
  134  10:46  Carrier (Chrono Boost)  
  134  10:48  Photon Cannon  
  144  11:01  Carrier (Chrono Boost)  
  144  11:03  Pylon  
  150  11:05  Robotics Facility  
  150  11:08  Templar Archives, Zealot  
  150  11:09  Zealot  
  152  11:30  Zealot x6  
  152  11:32  Probe  
  171  11:35  Assimilator  
  171  11:37  Assimilator  
  171  11:43  Carrier (Chrono Boost)  
  171  11:52  Observer, Zealot x2  
  171  11:53  Zealot x3  
  182  11:55  Zealot  
  182  12:00  Stargate  
  184  12:04  Pylon  
  184  12:07  Probe  
  185  12:08  Probe x2  
  185  12:11  Photon Cannon  
  187  12:25  High Templar x2  
  187  12:26  High Templar x2  
  187  12:27  Probe  
  196  12:34  Archon  
  196  12:35  Archon  
  196  12:40  Nexus  
  196  12:42  Gateway  
  196  12:43  Pylon  
  196  12:44  Gateway  
  196  12:52  Gateway  
  196  12:54  Gateway, Protoss Air Weapons Level 2  
  196  13:02  Zealot x2  
  196  13:03  Zealot  
  178  13:14  Zealot x3  
  178  13:16  Mothership Core  
  138  13:42  Zealot x5  
  138  13:43  Zealot  
  126  14:14  Carrier (Chrono Boost)  
  132  14:19  Photon Cannon  
  132  14:20  Probe  
  132  14:21  Probe  
  134  14:25  Carrier (Chrono Boost)  
  134  14:34  Carrier (Chrono Boost)  
  140  14:40  High Templar x2  
  140  14:41  High Templar x4  
  140  14:42  High Templar  
  140  14:43  High Templar  
  140  14:44  High Templar  
  158  14:45  High Templar  
  158  14:46  Archon x2  
  158  14:47  Archon x2  
  158  14:51  Assimilator  
  160  14:57  Assimilator  
  166  15:01  Archon  
  166  15:06  Immortal  
  170  15:09  Carrier (Chrono Boost)  
  170  15:14  High Templar x4  
  170  15:16  High Templar x2, Zealot x2  
  170  15:17  Zealot  
  170  15:18  Archon x2  
  170  15:19  Protoss Ground Weapons Level 2  
  188  15:27  Photon Cannon  
  188  15:28  Pylon  
  188  15:30  Carrier (Chrono Boost)  
  188  15:32  Archon  
  194  15:45  Carrier (Chrono Boost)  
  200  16:10  Observer (Chrono Boost)  
  200  16:15  Nexus  
  197  16:30  Warp Prism (Chrono Boost)  
  197  16:32  Probe  
  200  16:39  Pylon  
  200  16:59  Dark Shrine  
  200  17:02  Assimilator  
  200  17:05  Photon Cannon, Assimilator  
  200  17:07  Photon Cannon x2  
  200  17:09  Pylon  
  200  17:38  Robotics Bay  
  200  17:40  Robotics Facility  
  200  18:09  Zealot  
  200  18:11  Zealot  
  200  18:13  Zealot x5  
  198  18:27  Mothership Core  
  196  18:40  Zealot  
  196  18:41  Zealot  
  200  19:02  Gateway  
  200  19:04  Gateway  
Tags
 
Add a new tag
Caveats
  • Supply blocks, unpowered buildings, or Contaminate may cause inaccurate times.
  • Supply counts are checked every 10 seconds.